 Dungeon Crawl Stone Soup version 0.30-a0-852-g08b95dd62f (webtiles) character file.

Game seed: 8788672975251184956

46 cforsyth the Caller (level 3, -1/19 HPs)
             Began as a Deep Elf Summoner on Mar 4, 2023.
             Slain by a goblin
             ... wielding a +0 club
             ... led by Robin
              (3 damage)
             ... on level 2 of the Dungeon.
             The game lasted 00:03:24 (1510 turns).

cforsyth the Caller (Deep Elf Summoner)             Turns: 1510, Time: 00:03:25

Health: -1/19      AC:  2    Str:  5    XL:     3   Next: 44%
Magic:  7/10       EV: 13    Int: 19    God:
Gold:   90         SH:  0    Dex: 17    Spells: 6/9 levels left

rFire   . . .      SeeInvis .    (no weapon)
rCold   . . .      Faith    .    (no shield)
rNeg    . . .      Spirit   .    a - +0 robe
rPois   .          Reflect  .    (no helmet)
rElec   .          Rampage  .    (no cloak)
rCorr   .                        (no gloves)
Will    .....                    (no boots)
Stlth   +++                      (no amulet)
HPRegen 0.23/turn                (no ring)
MPRegen 0.12/turn                (no ring)

@: no status effects
A: no striking features
a: no special abilities


You were on level 2 of the Dungeon.
You visited 1 branch of the dungeon, and saw 2 of its levels.

You collected 90 gold pieces.

Inventory:

Armour
 a - a +0 robe (worn)
Scrolls
 d - a scroll of teleportation {unknown}
 f - a scroll of noise {unknown}
 h - 3 scrolls of brand weapon {unknown}
 i - a scroll of identify {unknown}
Potions
 b - a potion of magic
 c - a potion of degeneration {unknown}
 e - a potion of might {unknown}
 g - a potion of curing {unknown}
 j - a potion of invisibility {unknown}


   Skills:
 + Level 3.1 Dodging
 + Level 3.3 Stealth
 + Level 3.7 Spellcasting
 + Level 4.7 Summonings


You had 6 spell levels left.
You knew the following spells:

 Your Spells              Type           Power      Damage    Failure   Level
a - Summon Small Mammal   Summ           84%        N/A       1%          1
b - Call Imp              Summ           21%        N/A       3%          2

Your spell library contained the following spells:

 Spells                   Type           Power      Damage    Failure   Level
 Call Canine Familiar     Summ           21%        N/A       6%          3
 Summon Guardian Golem    Hex/Summ       12%        N/A       16%         3
 Ensorcelled Hibernation  Hex/Ice        6%         N/A       22%         2
 Spider Form              Tmut/Pois      3%         N/A       38%         3
 Summon Lightning Spire   Summ/Air       12%        N/A       47%         4
 Anguish                  Hex/Necr       1%         N/A       80%         4
 Alistair's Intoxication  Tmut/Pois      2%         N/A       98%         5
 Borgnjor's Vile Clutch   Necr/Erth      1%         N/A       98%         5
 Eringya's Noxious Bog    Tmut/Pois      1%         N/A       100%        6


Dungeon Overview and Level Annotations

Branches:
Dungeon (2/15)

Altars:

Annotations:
D:2 1 runed translucent door, Crazy Yiuf, Robin


Message History

Your bat hits the goblin. The goblin closely misses your bat.
Robin roars a battlecry!
The goblins go into a battle-frenzy!
Casting: Call Imp (safe; 3% risk of failure)
Confirm with . or Enter, or press ? or * to list all spells.
You don't know that spell.
Casting: Call Imp (safe; 3% risk of failure)
Confirm with . or Enter, or press ? or * to list all spells.
You don't know that spell.
Sorry, you're not good enough to have a special ability.
Casting: Call Imp (safe; 3% risk of failure)
Confirm with . or Enter, or press ? or * to list all spells.
Your bat hits the goblin.
A goblin comes into view. It is wielding a +0 dagger.
Your crimson imp blinks!
Casting: Summon Small Mammal (safe; 1% risk of failure)
Confirm with . or Enter, or press ? or * to list all spells.
Your quokka disappears in a puff of smoke!
Your bat misses the goblin.
The goblin hits your bat with a +0 dagger.
Your bat dies!
Your bat's corpse disappears in a puff of smoke!
A goblin comes into view. It is wielding a +0 dagger.
A goblin comes into view. It is wielding a +0 club.
Robin throws the goblin at you! Robin throws the goblin at you!
The goblin hits your quokka with a +0 dagger.
Your quokka dies!
Your quokka's corpse disappears in a puff of smoke!
The goblin barely misses your crimson imp.
The goblin completely misses you.
Your crimson imp closely misses the goblin.
Your crimson imp blinks!
The goblin barely misses you. The goblin attacks as you move away!
The goblin hits you with a +0 club. The goblin hits you with a +0 dagger.
The goblin attacks as you move away! The goblin hits you with a +0 dagger.
* * * LOW HITPOINT WARNING * * *
The goblin attacks as you move away! The goblin hits you with a +0 club.
You die...

#..########.###.#............#
...# #.....##.#........## .#.#
####..##...........# ...#####
#.#..#...........# .......#
#.#..##..........# ########
####...........<.# #
#.........|...# #
#............## ##♣♣ ###
#@..........##### ...♣♣
♣♣#..)# #gg.............#
....♣♣♣♣.+...#
#...........###...
.....♣5.♣#...# #.>.........# #
....♣.♣♣♣ ### #...........#
##♣♣♣♣♣ #...gg.......
#..).........# ##...g.g.....#
##..........#


You could see Robin and 5 goblins.

Vanquished Creatures
  A dart slug (D:1)
1 creature vanquished.

Vanquished Creatures (collateral kills)
  3 dart slugs
  2 ball pythons (D:1)
  2 bats
  3 endoplasms
  A giant cockroach (D:2)
  3 goblins
  4 hobgoblins
  2 jackals (D:2)
  5 kobolds
  A quokka (D:1)
  4 frilled lizards (D:1)
  3 rats
33 creatures vanquished.

Grand Total: 34 creatures vanquished

Notes
Turn   | Place    | Note
-------+----------+-------------------------------------------
     0 | D:1      | cforsyth the Deep Elf Summoner began the quest for the Orb.
     0 | D:1      | Reached XP level 1. HP: 10/10 MP: 6/6
   236 | D:1      | Reached XP level 2. HP: 15/15 MP: 5/8
   292 | D:1      | Learned a level 2 spell: Call Imp
  1165 | D:2      | Reached XP level 3. HP: 17/19 MP: 5/10
  1286 | D:2      | Identified the +4 hand axe of the Briny Deep {flame, *Slow
                  | rC++ Str+8 Int-2}
  1410 | D:2      | Found a runed translucent door.
  1411 | D:2      | Noticed Crazy Yiuf
  1499 | D:2      | Noticed Robin
  1510 | D:2      | Slain by a goblin

Illustrated notes

Levels and vault maps discovered:
D:1:      tarquinn_simple_flora_water_b, layout_loops_ring,
          minmay_misc_feat_secret_circle
D:2:      layout_rooms, feat_on_display, uniq_robin, uniq_crazy_yiuf_cottage

Skill      XL: |  1  2 |
---------------+-------+-----
Stealth        | 3 |  3.3
Dodging        | 3 |  3.1
Spellcasting   | |  3.7
Summonings     | |  4.7

Action                     || total
---------------------------++-------
  Melee: Unarmed           ||    23
   Cast: Summon Small Mamm ||    48
         Call Imp          ||    12
   Stab: Sleeping          ||     1
 Armour: Robe              ||     9
  Dodge: Dodged            ||    37

Table legend: (Time is in decaauts)
 A = Elapsed time spent in this place.
 B = Non-inter-level travel time spent in this place.
 C = Inter-level travel time spent in this place.
 D = Time resting spent in this place.
 E = Time spent auto-exploring this place.
 F = Levels seen in this place.
 G = Mean time per level.
                   A        B        C        D        E       F      G
               +--------+--------+--------+--------+--------+-----+--------+
         Total |   1509 |   1470 |     39 |      0 |   1118 |   2 |  754.5 |
       Dungeon |   1509 |   1470 |     39 |      0 |   1118 |   2 |  754.5 |
               +--------+--------+--------+--------+--------+-----+--------+

Top non-repeatable levels by time:
     D:1: 1117 daAuts
     D:2: 392 daAuts
